 Dungeon Crawl Stone Soup version 0.30-a0-715-gdb4ae3ece1 (webtiles) character file.

Game seed: 2840943145794878980

2062 flotson the Trooper (level 9, 0/69 HPs)
             Began as a Demonspawn Delver on Jan 24, 2023.
             Succumbed to a hornet's poison
             ... on level 7 of the Dungeon.
             The game lasted 00:11:30 (6608 turns).

flotson the Trooper (Demonspawn Delver)             Turns: 6608, Time: 00:11:31

Health: 0/69       AC:  7    Str: 22    XL:     9   Next: 5%
Magic:  8/8        EV: 18    Int: 13    God:
Gold:   332        SH:  0    Dex: 14    Spells: 8/8 levels left

rFire   + . .      SeeInvis .    a - +1 flail (heavy)
rCold   . . .      Faith    .    (no shield)
rNeg    . . .      Spirit   .    y - +3 leather armour
rPois   .          Reflect  .    (helmet restricted)
rElec   .          Harm     +    A - scarf {harm}
rCorr   .          Rampage  .    (no gloves)
Will    .....                    m - +0 pair of boots
Stlth   +++                      (no amulet)
HPRegen 0.31/turn                F - +5 ring of evasion
MPRegen 0.22/turn                I - +6 ring of strength

@: lethally poisoned (0 -> -5)
A: horns 2, powered by pain 1, magic regeneration, fire resistance 1, low MP 1
a: no special abilities


You were on level 7 of the Dungeon.
You visited 1 branch of the dungeon, and saw 7 of its levels.

You collected 332 gold pieces.

Inventory:

Hand Weapons
 a - a +1 heavy flail (weapon)
Missiles
 n - 3 datura-tipped darts
 u - 3 poisoned darts (quivered)
 G - 6 javelins
Armour
 m - a +0 pair of boots (worn)
 y - a +3 leather armour (worn)
 A - a scarf of harm (worn)
Jewellery
 F - a +5 ring of evasion (left hand)
 H - a ring of poison resistance
 I - a +6 ring of strength (right hand)
Wands
 d - a wand of flame (29)
 e - a wand of paralysis (8)
 g - a wand of digging (2)
 w - a wand of mindburst (13)
Scrolls
 b - 3 scrolls of identify {unknown}
 c - 2 scrolls of fog
 f - a scroll of enchant armour {unknown}
 q - 4 scrolls of teleportation {unknown}
 r - a scroll of amnesia {unknown}
 s - a scroll of immolation {unknown}
 v - 4 scrolls of acquirement {unknown}
 z - 3 scrolls of enchant weapon {unknown}
 B - a scroll of poison {unknown}
 C - a scroll of blinking {unknown}
 J - a scroll of vulnerability {unknown}
Potions
 i - a potion of mutation
 j - a potion of cancellation
 l - a potion of berserk rage {unknown}
 o - 3 potions of might
 p - a potion of lignification {unknown}
 t - a potion of ambrosia {unknown}
 x - 2 potions of flight {unknown}
 D - a potion of attraction {unknown}
 E - a potion of haste


   Skills:
 + Level 5.7 Fighting
 + Level 4.6 Axes
 + Level 3.9 Throwing
 + Level 4.1 Armour
 + Level 4.7 Dodging
 - Level 5.0 Stealth
 + Level 4.6 Evocations


You had 8 spell levels left.
You didn't know any spells.
Your spell library contained the following spells:

 Spells                   Type           Power      Damage    Failure   Level
 Shock                    Conj/Air       0%         1d3       34%         1
 Scorch                   Fire           0%         2d5       47%         2
 Swiftness                Air            0%         N/A       71%         3
 Airstrike                Air            0%         2d(0-16)  98%         4
 Flame Wave               Conj/Fire      0%         2d4       98%         4
 Summon Cactus Giant      Summ           0%         N/A       100%        6


Dungeon Overview and Level Annotations

Branches:
Dungeon (7/15)
 Temple: D:4-7

Altars:
Makhleb
Okawaru
Ru
Uskayaw

Shops:
D:3 (


Innate Abilities, Weirdness & Mutations

You have a pair of horns on your head.
You sometimes gain a little power by taking damage.
You regenerate magic rapidly.
Your flesh is heat resistant. (rF+)
Your magical capacity is low. (-10% MP)


Message History

Aim: an orc, wielding a +0 whip (wandering, hasn't noticed you, 62% to hit)
You throw a poisoned dart.
The poisoned dart closely misses the orc.
Throw: 4 darts (poison)
Press: ? - help, Q - select action, (/) - cycle Shift-Dir - straight line, f/p - orc
Aim: an orc, wielding a +0 whip (62% to hit)
You throw a poisoned dart. The poisoned dart hits the orc.
The orc is poisoned.
The orc completely misses you.
You see here a poisoned dart.
You closely miss the orc. You headbutt the orc.
You kill the orc!
The hornet closely misses you. The hornet stings you!
You feel yourself slow down.
You sock the hornet!
The hornet is heavily wounded.
The hornet stings you!
You suddenly lose the ability to move!
A howler monkey comes into view.
The hornet stings you!
You feel as though you will be slow longer.
The hornet stings you!
* * * LOW HITPOINT WARNING * * *
You focus on the pain.
You feel agile all of a sudden.
You are poisoned.
You shrug off the repeated paralysis!
The hornet stings you!
* * * LOW HITPOINT WARNING * * *
You feel as though you will be slow longer.
The howler monkey moves out of view.
You can move again.
You are too injured to fight recklessly!
It was a potion of mutation.
You feel extremely strange.
You feel less energetic.
You feel resistant to heat.
* * * LOW HITPOINT WARNING * * *
You feel very sick. The hornet barely misses you.
The hornet closely misses you.
It was a potion of cancellation.
Your magical effects are unravelling.
You feel magically purged.
You feel yourself speed up.
You feel a little less agile now.
You die...

.. ... . ..#
#.# #####
#.# .... #.#
#####..###.#
....((y.##†#
#@..<#
######


You could see a hornet.

Vanquished Creatures
  Prince Ribbit (D:6)
  Sigmund (D:2)
  A water moccasin (D:7)
  An ice beast (D:5)
  A black bear (D:6)
  2 centaurs
  A phantom (D:4)
  2 bullfrogs (D:6)
  2 necrophages
  3 gnoll boudas
  4 hounds
  3 jellies
  2 orc priests
  Jessica (D:2)
  5 iguanas
  Natasha (thrice) (D:2)
  2 orc wizards (D:6)
  11 gnolls
  8 adders
  A shadow imp (D:5)
  A white imp (D:6)
  2 ufetubi
  3 worms
  13 orcs
  5 ball pythons
  3 endoplasms (D:4)
  A giant cockroach (D:3)
  5 goblins
  8 hobgoblins
  3 jackals (D:1)
  7 quokkas
  7 bats
  9 kobolds
  2 rats
124 creatures vanquished.

Notes
Turn   | Place    | Note
-------+----------+-------------------------------------------
     0 | D:5      | flotson the Demonspawn Delver began the quest for the Orb.
     0 | D:5      | Reached XP level 1. HP: 18/18 MP: 1/1
    86 | D:5      | Noticed an orc priest
   108 | D:5      | Gained mutation: You sometimes gain a little power by
                  | taking damage. [demonic ancestry]
   108 | D:5      | Reached XP level 2. HP: 15/24 MP: 2/2
   198 | D:4      | Reached XP level 3. HP: 7/29 MP: 3/3
   473 | D:2      | Reached skill level 1 in Evocations
   775 | D:1      | Reached skill level 1 in Armour
  1137 | D:2      | Noticed Natasha
  1143 | D:2      | Killed Natasha
  1144 | D:2      | Gained mutation: You have a pair of small horns on your
                  | head. [demonic ancestry]
  1144 | D:2      | Reached XP level 4. HP: 31/35 MP: 4/4
  1260 | D:2      | Noticed Natasha
  1268 | D:2      | Killed Natasha
  1315 | D:2      | Noticed Jessica
  1322 | D:2      | Killed Jessica
  1323 | D:2      | Reached skill level 1 in Throwing
  1323 | D:2      | Reached XP level 5. HP: 38/41 MP: 5/5
  1338 | D:2      | Found an iron altar of Okawaru.
  1483 | D:1      | HP: 2/41 [gnoll/+0 flail (5)]
  1786 | D:2      | Noticed Natasha
  1795 | D:2      | Killed Natasha
  1796 | D:2      | Reached skill level 5 in Stealth
  2035 | D:2      | Noticed Sigmund
  2273 | D:3      | Found a hide-covered altar of Uskayaw.
  2273 | D:3      | Noticed a +0 hand axe
  2273 | D:3      | Noticed a +0 hand axe
  2292 | D:3      | Found Ehuleim's Weapon Shop.
  2814 | D:3      | Found a sacrificial altar of Ru.
  2875 | D:2      | Reached XP level 6. HP: 40/48 MP: 6/6
  2988 | D:2      | Killed Sigmund
  3377 | D:4      | Reached XP level 7. HP: 23/54 MP: 7/7
  4730 | D:5      | Found a burning altar of Makhleb.
  4830 | D:5      | Gained mutation: You regenerate magic rapidly. [demonic
                  | ancestry]
  4830 | D:5      | Reached XP level 8. HP: 61/61 MP: 8/8
  5141 | D:5      | Reached skill level 5 in Fighting
  6335 | D:6      | Noticed Prince Ribbit
  6345 | D:6      | Killed Prince Ribbit
  6528 | D:7      | Noticed a two-headed ogre
  6573 | D:7      | Noticed a hornet
  6588 | D:7      | Gained mutation: You have a pair of horns on your head.
                  | [demonic ancestry]
  6588 | D:7      | Reached XP level 9. HP: 61/69 MP: 9/9
  6606 | D:7      | Paralysed by a hornet for 2 turns
  6607 | D:7      | Gained mutation: Your magical capacity is low. (-10% MP)
                  | [potion of mutation]
  6607 | D:7      | Gained mutation: Your flesh is heat resistant. (rF+)
                  | [potion of mutation]
  6607 | D:7      | HP: 2/69 [poisoned by a hornet]
  6608 | D:7      | Succumbed to a hornet's poison

Illustrated notes

Levels and vault maps discovered:
D:1:      psy_arrival_terrarium, layout_basic
D:2:      layout_loops_ring, basic_altar, hangedman_abyss_or_decor_stabs,
          grunt_ministairs_5, amethyst_killhole, hangedman_glass_teeth,
          uniq_natasha, uniq_sigmund, uniq_jessica
D:3:      layout_loops_cross, mainiacjoe_overflow_alcove_2,
          dancing_weapons_uskayaw, serial_shops,
          nicolae_shop_bloodbath_and_beyond
D:4:      layout_rooms, serial_curves, eino_curves_01, eino_curves_02,
          nicolae_ossuary_entry_monument, minmay_vboxes
D:5:      layout_loops_ring, mainiacjoe_overflow_catwalk
D:6:      layout_basic, uniq_prince_ribbit1
D:7:      minmay_the_grid_octo_triangle [minmay_the_grid_octo_horde,
          minmay_the_grid_octo_prize_single_spiral,
          minmay_the_grid_octo_fat_diamond], layout_rooms,
          overflow_temple_1_default, minmay_temple_entry_grid,
          uniq_crazy_yiuf_cottage

Skill      XL: |  1  2  3  4  5  6  7  8 |
---------------+-------------------------+-----
Axes           | 2 3 4 |  4.6
Dodging        | 2 3 4 |  4.7
Evocations     | 1 2 3 4 |  4.6
Armour         | 1 2 3 4 |  4.1
Throwing       | 1 2 3 |  3.9
Stealth        | 5 |  5.0
Fighting       | 4 5 |  5.7

Action                     |  1- 3 |  4- 6 |  7- 9 || total
---------------------------+-------+-------+-------++-------
  Melee: Hand axe          |    10 |       |       ||    10
         Flail             |    59 |   154 |   189 ||   402
         Punch             |     1 |     1 |     3 ||     5
         Headbutt          |       |    29 |    42 ||    71
  Throw: Boomerang         |     1 |     3 |    39 ||    43
         Dart              |       |     8 |    11 ||    19
  Evoke: Wand              |       |     1 |     3 ||     4
    Use: Scroll            |     2 |       |       ||     2
         Potion            |     1 |     6 |     2 ||     9
   Stab: Sleeping          |     3 |     3 |     1 ||     7
 Armour: Leather armour    |     8 |     4 |    54 ||    66
         Scale mail        |    26 |    84 |       ||   110
  Dodge: Dodged            |    60 |    97 |   202 ||   359

Table legend: (Time is in decaauts)
 A = Elapsed time spent in this place.
 B = Non-inter-level travel time spent in this place.
 C = Inter-level travel time spent in this place.
 D = Time resting spent in this place.
 E = Time spent auto-exploring this place.
 F = Levels seen in this place.
 G = Mean time per level.
                   A        B        C        D        E       F      G
               +--------+--------+--------+--------+--------+-----+--------+
         Total |   6746 |   6476 |    270 |     39 |   5036 |   7 |  963.7 |
       Dungeon |   6746 |   6476 |    270 |     39 |   5036 |   7 |  963.7 |
               +--------+--------+--------+--------+--------+-----+--------+

Top non-repeatable levels by time:
     D:6: 1427 daAuts
     D:4: 1252 daAuts
     D:2: 1250 daAuts
     D:3: 1037 daAuts
     D:5: 957 daAuts
     D:1: 771 daAuts
     D:7: 49 daAuts
